 Dungeon Crawl Stone Soup version 0.21.1-1-g345015f (webtiles) character file.

63 inc the Shield-Bearer (level 4, -1/35 HPs)
             Began as a Formicid Fighter on June 9, 2018.
             Was an Initiate of Okawaru.
             Slain by an adder (4 damage)
             ... on level 3 of the Dungeon.
             The game lasted 00:03:19 (2251 turns).

inc the Shield-Bearer (Formicid Fighter)            Turns: 2251, Time: 00:03:19

Health: -1/35      AC:  6    Str: 21    XL:     4   Next: 31%
Magic:  4/4        EV:  8    Int:  8    God:    Okawaru [......]
Gold:   177        SH:  9    Dex: 10    Spells: 3/3 levels left

rFire    . . .     SeeInvis +   a - +0 quarterstaff
rCold    . . .     Gourm    .   c - +0 shield
rNeg     . . .     Faith    .   b - +0 scale mail
rPois    .         Spirit   .   (helmet unavailable)
rElec    .         Reflect  .   (no cloak)
rCorr    .         Harm     .   (no gloves)
MR       .....                  (no boots)
Stlth    ..........             (no amulet)
HPRegen  0.11/turn              (no ring)
MPRegen  0.09/turn              (no ring)

@: no status effects
A: permanent stasis, dig shafts and tunnels, four strong arms, antennae 3
a: Dig, Shaft Self, Renounce Religion


You were on level 3 of the Dungeon.
You worshipped Okawaru.
Okawaru was noncommittal.
You were not hungry.

You visited 1 branch of the dungeon, and saw 3 of its levels.

You collected 177 gold pieces.

Inventory:

Hand Weapons
 a - a +0 quarterstaff (weapon)
Armour
 b - a +0 scale mail (worn)
 c - a +0 shield (worn)
Jewellery
 l - a +5 ring of strength {unknown}
Scrolls
 e - 2 scrolls of random uselessness {unknown}
 g - a scroll of teleportation {unknown}
 h - 2 scrolls of identify {unknown}
 i - 2 scrolls of remove curse {unknown}
 j - 2 scrolls of amnesia {unknown}
 m - 2 scrolls of magic mapping {unknown}
 o - a scroll of noise {unknown}
 q - a scroll of blinking {unknown}
Potions
 d - a potion of might
 k - a potion of curing {unknown}
 p - a potion of flight {unknown}
Books
 n - a book of Misfortune

   Spells                             Type                      Level
   a - Confusing Touch                Hexes                        1
   b - Confuse                        Hexes                        3
   c - Gell's Gravitas                Translocation                3
   d - Petrify                        Transmutation/Earth          4
   e - Metabolic Englaciation         Hexes/Ice                    5
   f - Yara's Violent Unravelling     Hexes/Transmutation          5
Comestibles
 f - 7 rations


   Skills:
 - Level 3.2 Fighting
 + Level 3.3 Staves
 - Level 3.2 Armour
 + Level 4.8 Shields


You had 3 spell levels left.
You didn't know any spells.

Dungeon Overview and Level Annotations

Branches:
Dungeon (3/15)

Altars:
Ashenzari
Dithmenos
Okawaru
Qazlal


Innate Abilities, Weirdness & Mutations

You cannot be hasted, slowed, berserked, paralysed or teleported.
You can dig through walls and to a lower floor.
Your four strong arms can wield two-handed weapons with a shield.
You have a pair of large antennae on your head. (SInv)


Message History

The adder bites you but does no damage. You block the kobold's attack.
The gnoll hits you with a club.
A goblin comes into view. It is wielding a club.
You miss the kobold. The adder barely misses you.
The gnoll hits you from afar with a spear.
* * * LOW HITPOINT WARNING * * *
The kobold hits you with a short sword.
* * * LOW HITPOINT WARNING * * *
The gnoll hits you with a club.
* * * LOW HITPOINT WARNING * * *
The gnoll closely misses you. The adder bites you but does no damage.
Okay, then.
You hit the gnoll but do no damage. The kobold hits you but does no damage.
The adder barely misses you. The gnoll hits you with a club.
* * * LOW HITPOINT WARNING * * *
You block the gnoll's attack.
You sock the gnoll!
The gnoll is almost dead.
The adder bites you.
You die...

# #. #.#.. .
......#####....
#..gg@KS..g..
#...S####....
....... .
####.#. ...#.
### #. #. #.


You could see 2 gnolls, 2 adders, a goblin and a kobold.

Vanquished Creatures
  A gnoll (D:3)
  2 adders (D:2)
  A worm (D:2)
  2 ball pythons (D:2)
  8 goblins
  6 hobgoblins
  3 kobolds
  3 bats
  2 frilled lizards
  2 rats (D:1)
30 creatures vanquished.

Notes
Turn   | Place    | Note
-------+----------+-------------------------------------------
     0 | D:1      | inc the Formicid Fighter began the quest for the Orb.
     0 | D:1      | Reached XP level 1. HP: 18/18 MP: 1/1
   109 | D:1      | Reached XP level 2. HP: 24/24 MP: 2/2
   175 | D:1      | Reached skill level 4 in Shields
   922 | D:2      | Found an iron altar of Okawaru.
   927 | D:2      | Found a stormy altar of Qazlal.
   930 | D:2      | Found a shattered altar of Ashenzari.
  1041 | D:2      | Became a worshipper of Warmaster Okawaru
  1072 | D:2      | Reached XP level 3. HP: 8/29 MP: 3/3
  1540 | D:2      | Found a shadowy altar of Dithmenos.
  1698 | D:2      | Reached XP level 4. HP: 35/35 MP: 4/4
  2251 | D:3      | Slain by an adder

Skill      XL: |  1  2  3 |
---------------+----------+-----
Shields        | 4 |  4.8
Staves         | 3 |  3.3
Fighting       | |  3.2
Armour         | |  3.2

Action                   |  1- 3 |  4- 6 || total
-------------------------+-------+-------++-------
Melee: Quarterstaff      |    69 |    24 ||    93
  Eat: Chunk             |     2 |     2 ||     4
Armor: Scale mail        |    28 |    13 ||    41
Dodge: Dodged            |    16 |    11 ||    27
Block: Shield            |    37 |    11 ||    48
